 Dungeon Crawl Stone Soup version 0.26.0-7-g794d0892b4 (webtiles) character file.

Game seed: 5502058659054601654

1326 trckry the Unbeliever (level 8, -12/60 HPs)
             Began as a Demonspawn Wanderer on Jan 10, 2021.
             Mangled by an orc warrior
             ... wielding a +0 short sword
              (14 damage)
             ... on level 6 of the Dungeon.
             The game lasted 00:11:38 (4045 turns).

trckry the Unbeliever (Demonspawn Wanderer)         Turns: 4045, Time: 00:11:39

Health: -12/60     AC: 11    Str: 14    XL:     8   Next: 34%
Magic:  12/12      EV:  7    Int: 17    God:
Gold:   383        SH:  0    Dex: 10    Spells: 6/7 levels left

rFire    + . .     SeeInvis .   (no weapon)
rCold    x . .     Faith    .   (no shield)
rNeg     + . .     Spirit   .   n - +0 chain mail
rPois    .         Reflect  .   (no helmet)
rElec    .         Harm     .   (no cloak)
rCorr    .         Rampage  .   (no gloves)
Will     .....                  (no boots)
Stlth    ..........             x - amulet of the acrobat
HPRegen  0.20/turn              f - ring of positive energy
MPRegen  0.13/turn              B - ring of fire

@: no status effects
A: powered by death 1, sharp scales 2
a: no special abilities


You were on level 6 of the Dungeon.
You visited 1 branch of the dungeon, and saw 6 of its levels.

You collected 416 gold pieces.
You spent 33 gold pieces at shops.

Inventory:

Hand Weapons
 a - a +2 hand crossbow
Missiles
 h - 11 poisoned darts
 r - 2 atropa-tipped darts
Armour
 n - a +0 chain mail (worn)
Jewellery
 f - a ring of positive energy (left hand)
 t - an uncursed ring of ice
 x - an amulet of the acrobat (around neck)
 B - a ring of fire (right hand)
Wands
 k - a wand of polymorph (2)
 v - a wand of flame (11)
 z - a wand of random effects (18)
 A - a wand of disintegration (10)
Scrolls
 c - 2 scrolls of remove curse {unknown}
 e - 3 scrolls of enchant weapon {unknown}
 g - 6 scrolls of identify {unknown}
 i - 5 scrolls of enchant armour {unknown}
 l - 2 scrolls of teleportation {unknown}
 m - a scroll of random uselessness {unknown}
 w - a scroll of magic mapping {unknown}
 C - a scroll of fear {unknown}
Potions
 d - 2 potions of flight {unknown}
 j - 2 potions of resistance {unknown}
 o - 5 potions of curing
 p - a potion of degeneration {unknown}
 q - a potion of experience {unknown}
 s - a potion of ambrosia {unknown}
 u - a potion of might {unknown}
 E - 2 potions of attraction {unknown}


   Skills:
 + Level 3.9 Fighting
 + Level 4.4 Crossbows
 - Level 1.9 Throwing
 + Level 3.5 Armour
 + Level 3.1 Dodging
 - Level 1.1 Transmutations
 - Level 2.1 Poison Magic
 + Level 6.6 Invocations
 + Level 3.4 Evocations


You had 6 spell levels left.
You knew the following spells:

 Your Spells              Type           Power        Failure   Level
a - Sting                 Tmut/Pois      20%          96%         1

Your spell library contained the following spells:

 Spells                   Type           Power        Failure   Level
 Animate Skeleton         Necr           0%           99%         1
 Apportation              Tloc           0%           99%         1
 Corona                   Hex            0%           99%         1
 Summon Small Mammal      Summ           0%           99%         1
 Poisonous Vapours        Pois/Air       6%           99%         2
 Ignite Poison            Fire/Tmut/Pois 5%           100%        3
 Mephitic Cloud           Conj/Pois/Air  2%           100%        3
 Olgreb's Toxic Radiance  Pois           7%           100%        4


Dungeon Overview and Level Annotations

Branches:
Dungeon (6/15)             Temple (0/1) D:4

Altars:
Xom
Yredelemnul

Shops:
D:4 !


Innate Abilities, Weirdness & Mutations

You regenerate a little health from kills.
You are mostly covered in razor-sharp scales. (AC +2, Slay +2)


Message History

You completely miss the orc warrior.
The orc warrior is moderately wounded.
The orc throws a boomerang.
The boomerang hits you but does no damage.
The weapon returns to the orc!
The orc warrior closely misses you. The orc completely misses you.
You see here a leopard gecko corpse.
You hit the orc.
The orc is lightly wounded.
The orc warrior hits you but does no damage.
The orc barely misses you.
You completely miss the orc.
The orc is lightly wounded.
The orc warrior hits you with a +0 short sword.
* * * LOW HITPOINT WARNING * * *
The orc barely misses you.
You barely miss the orc.
The orc is lightly wounded.
The orc warrior hits you with a +0 short sword!
You die...

##########...# ##.######
#.o....# ######.####
#..o.### #########
####.[.## #.......#
###.<#
#.......#############.#.#
#......o@o...............
#.......##############..#
######### ..# #.# ##


You could see an orc warrior and an orc.

Vanquished Creatures
  2 sky beasts
  2 phantoms (D:5)
  2 ogres
  A centaur (D:5)
  A scorpion (D:5)
  2 howler monkeys
  3 crimson imps (D:5)
  A jelly (D:5)
  A hound (D:4)
  3 orc priests
  An orc wizard (D:5)
  A bullfrog skeleton (D:5)
  An iguana (D:5)
  4 worker ants
  5 adders
  4 gnolls (D:3)
  3 oozes
  3 worms
  4 leopard geckos
  5 orcs
  9 giant cockroaches
  13 goblins
  11 hobgoblins
  7 kobolds
  3 quokkas (D:2)
  A ball python (D:3)
  3 bats
  3 frilled lizards
  A leopard gecko skeleton (D:5)
  5 rats
105 creatures vanquished.

Notes
Turn   | Place    | Note
-------+----------+-------------------------------------------
     0 | D:1      | trckry the Demonspawn Wanderer began the quest for the Orb.
     0 | D:1      | trckry set off with the following items: a +2 hand
                  | crossbow, 21 bolts, a +0 ring mail; and the following spell
                  | memorised: Sting; and the following spells available to
                  | memorise: Mephitic Cloud
     0 | D:1      | Reached XP level 1. HP: 15/15 MP: 1/1
   126 | D:1      | Gained mutation: You regenerate a little health from kills.
                  | [demonic ancestry]
   126 | D:1      | Reached XP level 2. HP: 21/21 MP: 2/2
   501 | D:1      | Gained mutation: You are partially covered in razor-sharp
                  | scales. (AC +1, Slay +1) [demonic ancestry]
   501 | D:1      | Reached XP level 3. HP: 26/26 MP: 3/3
  1029 | D:2      | Reached skill level 1 in Invocations
  1269 | D:2      | Reached XP level 4. HP: 33/33 MP: 5/5
  1688 | D:3      | Reached skill level 1 in Dodging
  1688 | D:3      | Reached skill level 2 in Invocations
  1736 | D:3      | Noticed an ogre
  1757 | D:3      | Reached skill level 1 in Evocations
  1757 | D:3      | Killed an ogre
  1758 | D:3      | Reached XP level 5. HP: 26/38 MP: 5/7
  1760 | D:3      | Reached skill level 3 in Invocations
  2395 | D:4      | Noticed an ogre
  2400 | D:4      | Killed an ogre
  2401 | D:4      | Gained mutation: You are mostly covered in razor-sharp
                  | scales. (AC +2, Slay +2) [demonic ancestry]
  2401 | D:4      | Reached XP level 6. HP: 31/46 MP: 8/8
  2410 | D:4      | Reached skill level 4 in Invocations
  2550 | D:4      | Found Caw Irra's Distillery.
  2571 | D:4      | Bought a potion of curing for 33 gold pieces
  2607 | D:4      | Found a staircase to the Ecumenical Temple.
  2817 | D:5      | Entered Level 5 of the Dungeon
  2899 | D:5      | Reached XP level 7. HP: 46/51 MP: 10/10
  2992 | D:5      | Reached skill level 5 in Invocations
  3337 | D:5      | Reached skill level 6 in Invocations
  3401 | D:5      | Reached XP level 8. HP: 48/58 MP: 12/12
  3789 | D:5      | Found a shimmering altar of Xom.
  3956 | D:6      | Found a basalt altar of Yredelemnul.
  3959 | D:6      | Noticed a profane servitor
  4038 | D:6      | HP: 6/60 [orc warrior/+0 short sword (12)]
  4044 | D:6      | HP: 2/60 [orc warrior/+0 short sword (5)]
  4045 | D:6      | Mangled by an orc warrior

Illustrated notes

Levels and vault maps discovered:
D:1:      scummos_arrival_hexagon, layout_loops_corners
D:2:      layout_basic
D:3:      layout_basic, solitary_fountain, kennysheep_generic_room_8
D:4:      layout_rooms, minmay_temple_entry_enclosed_plants, serial_shops,
          shop_coins
D:5:      layout_cave_pools, led_xom_imps, grunt_ministairs_13,
          roderic_serpentine_path, kennysheep_pointless_box
D:6:      layout_rooms, grunt_temple_overflow_holy_war, uniq_menkaure

Skill      XL: |  1  2  3  4  5  6  7  8 |
---------------+-------------------------+-----
Crossbows      | 3 4 |  4.4
Invocations    | 1 2 3 4 6 |  6.6
Dodging        | 1 2 3 |  3.1
Evocations     | 1 2 3 |  3.4
Fighting       | 2 3 |  3.9
Armour         | 2 3 |  3.5
Throwing       | |  1.9
Transmutations | |  1.1
Poison Magic   | |  2.1

Action                   |  1- 3 |  4- 6 |  7- 9 || total
-------------------------+-------+-------+-------++-------
Melee: Unarmed           |       |       |     6 ||     6
 Fire: Hand crossbow     |    89 |   106 |   103 ||   298
Armor: Ring mail         |     9 |       |       ||     9
       Chain mail        |       |    20 |    46 ||    66
Dodge: Dodged            |    25 |     9 |    34 ||    68
